 Dungeon Crawl Stone Soup version 0.31-a0-188-g5e087ee2ca (webtiles) character file.

Game seed: 6482073349846170555

213 qw the Skirmisher (level 5, -2/30 HPs)
             Began as a Deep Elf Hunter on June 22, 2023.
             Was an Initiate of Okawaru.
             Slain by a black bear (8 damage)
             ... on level 5 of the Dungeon.
             The game lasted 00:01:02 (3865 turns).

qw the Skirmisher (Deep Elf Hunter)                 Turns: 3865, Time: 00:01:02

Health: -2/30      AC:  6    Str: 10    XL:     5   Next: 59%
Magic:  7/7        EV: 11    Int: 14    God:    Okawaru [......]
Gold:   218        SH:  0    Dex: 18    Spells: 4/4 levels left

rFire   . . .        h - +3 sling (heavy)
rCold   . . .        (no shield)
rNeg    . . .        d - +0 ring mail
rPois   .            (no helmet)
rElec   .            (no cloak)
rCorr   .            g - +0 pair of gloves
SInv    .            (no boots)
Will    .....        (no amulet)
Stlth   +            (no ring)
HPRegen 0.25/turn    (no ring)
MPRegen 0.10/turn

%: no passive effects
@: no status effects
A: no striking features
a: Renounce Religion


You were on level 5 of the Dungeon.
You worshipped Okawaru.
Okawaru was noncommittal.
You visited 2 branches of the dungeon, and saw 6 of its levels.

You collected 218 gold pieces.


   Skills:
 + Level 1.9 Fighting
 - Level 9.0 Ranged Weapons
 - Level 2.4 Dodging
 - Level 1.2 Stealth


You had 4 spell levels left.
You didn't know any spells.
Your spell library was empty.

Inventory:

Hand Weapons
 h - a +3 heavy sling (weapon)
Armour
 d - a +0 ring mail (worn)
 g - a +0 pair of gloves (worn)
Jewellery
 l - a ring of ice
Scrolls
 c - a scroll of identify
Potions
 a - 4 potions of curing
 b - a potion of magic {unknown}
 e - a potion of haste {unknown}
 f - a potion of heal wounds
 j - a potion of invisibility {unknown}
 k - a potion of berserk rage {unknown}

Dungeon Overview and Level Annotations

Branches:
Dungeon (5/15)             Temple (1/1) D:4

Altars:
Ashenzari
Cheibriados
Dithmenos
Elyvilon
Fedhas
Hepliaklqana
Kikubaaqudgha
Makhleb
Nemelex Xobeh
Okawaru
Qazlal
Ru
Sif Muna
Uskayaw
Vehumet
Wu Jian
Xom
Yredelemnul
Zin
The Shining One


Message History

Found a white marble altar of Elyvilon.
Enter note:
Enter note:
Enter note:
Enter note: A black bear comes into view.
The black bear growls angrily.
Enter note:
Enter note:
Enter note:
Enter note: You shoot a sling bullet.
The sling bullet hits the black bear.
The black bear is lightly wounded.
You shoot a sling bullet.
The sling bullet barely misses the black bear.
You shoot a sling bullet.
The sling bullet barely misses the black bear.
The black bear closely misses you.
The black bear claws you but does no damage.
The black bear claws you.
You shoot a sling bullet.
The sling bullet completely misses the black bear.
The black bear misses you. The black bear claws you.
The black bear closely misses you.
You shoot a sling bullet. The sling bullet hits the black bear!!
The black bear is severely wounded.
The black bear goes berserk!
The black bear closely misses you. x2
The black bear misses you.
You shoot a sling bullet. The sling bullet hits the black bear.
The black bear is severely wounded.
The black bear bites you. The black bear claws you.
The black bear claws you but does no damage.
The black bear bites you! The black bear claws you.
The black bear claws you but does no damage.
You shoot a sling bullet.
The sling bullet barely misses the black bear.
The black bear barely misses you. x2; The black bear claws you.
The black bear closely misses you. x2; The black bear claws you.
The black bear bites you!
You die...

#.......~~.....~~... #
#.##....~..~.~..~..# #
#.#..#..#...~~.~~....#
#.#.##.#^.##............
......#..####.#######.#
###.#..#..# #.# #.#
..........####.# #.#
###..........### #.#
#...h@.....# #.#
####.####### #.# ## #.#
#.. ###


You could see a black bear (berserk).

Vanquished Creatures
  A scorpion (D:3)
  10 adders
  2 dart slugs (D:1)
  6 orcs
  3 ball pythons
  6 bats
  4 endoplasms
  2 giant cockroaches
  6 goblins
  8 hobgoblins
  2 jackals (D:2)
  2 kobolds (D:1)
  3 quokkas
  2 frilled lizards
  2 rats
59 creatures vanquished.

Notes
Turn   | Place    | Note
-------+----------+-------------------------------------------
     0 | D:1      | qw the Deep Elf Hunter began the quest for the Orb.
     0 | D:1      | Reached XP level 1. HP: 12/12 MP: 3/3
     0 | D:1      | 0 ||| qw: Version: 0.3-a-9-g12657ce
     0 | D:1      | 0 ||| qw: Game counter: 2727
     0 | D:1      | 0 ||| qw: Always use a shield: true
     0 | D:1      | 0 ||| qw: God list: Okawaru
     0 | D:1      | 0 ||| qw: Allow faded altars: false
     0 | D:1      | 0 ||| qw: Do Orc after D:15 true
     0 | D:1      | 0 ||| qw: Do second Lair branch before Depths: true
     0 | D:1      | 0 ||| qw: Lair rune preference: random
     0 | D:1      | 0 ||| qw: Plans: Normal
     0 | D:1      | 0 ||| PLANNING D:1-11
   122 | D:1      | Reached XP level 2. HP: 16/16 MP: 4/4
   126 | D:1      | Reached skill level 6 in Ranged Weapons
   443 | D:1      | 443 ||| Stepping ~*~*~tactically~*~*~ (outnumbered).
   467 | D:1      | 467 ||| SWAPPING to +2 heavy sling.
   468 | D:1      | 468 ||| DROPPING +0 shortbow.
   651 | D:1      | Reached XP level 3. HP: 20/20 MP: 5/5
   672 | D:1      | 672 ||| UPGRADING to +0 scale mail.
   682 | D:1      | 682 ||| DROPPING +0 leather armour.
   683 | D:1      | 683 ||| READING scroll labelled EFEIB UFUZEEF.
   684 | D:1      | 684 ||| READING 2 scrolls labelled GUTESOUSCHA.
   685 | D:1      | 685 ||| READING scroll labelled RED YTATEABEATT.
   686 | D:1      | 686 ||| DRINKING 2 green potions.
   687 | D:1      | 687 ||| DROPPING scroll of butterflies.
   688 | D:1      | 688 ||| DROPPING scroll of immolation.
   689 | D:1      | 689 ||| DROPPING potion of attraction.
   811 | D:2      | Reached skill level 7 in Ranged Weapons
   984 | D:2      | HP: 4/20 [poisoned by an adder]
  1238 | D:2      | Reached XP level 4. HP: 25/25 MP: 6/6
  1361 | D:2      | Found a sparkling altar of Nemelex Xobeh.
  1617 | D:2      | 1617 ||| UPGRADING to +0 ring mail.
  1627 | D:2      | 1627 ||| DROPPING +0 scale mail.
  1628 | D:2      | 1628 ||| READING scroll labelled DAATTE ILLONK.
  1629 | D:2      | 1629 ||| DRINKING 3 fuming golden potions.
  1690 | D:3      | Noticed a scorpion
  1693 | D:3      | Killed a scorpion
  1694 | D:3      | Reached skill level 8 in Ranged Weapons
  1727 | D:3      | Reached XP level 5. HP: 29/29 MP: 7/7
  1749 | D:3      | Found a snail-covered altar of Cheibriados.
  1749 | D:3      | Found a sacrificial altar of Ru.
  1934 | D:3      | HP: 7/29 [poisoned by an adder]
  2135 | D:3      | Found a blossoming altar of Fedhas.
  2282 | D:3      | 2282 ||| READING scroll labelled VAXASE VIVVI.
  2284 | D:3      | 2284 ||| Stepping ~*~*~tactically~*~*~ (cloud).
  2285 | D:3      | 2285 ||| DRINKING 2 potions of curing.
  2285 | D:3      | 2285 ||| (to cure poison)
  2528 | D:4      | Found a staircase to the Ecumenical Temple.
  2529 | D:4      | 2529 ||| PLANNING TEMPLE
  2529 | D:4      | 2529 ||| UPGRADING to +0 pair of gloves.
  2534 | D:4      | 2534 ||| READING scroll labelled UREXZI LENEHO.
  2535 | D:4      | 2535 ||| READING 2 scrolls of identify.
  2535 | D:4      | 2535 ||| IDENTIFYING orange potion
  2536 | D:4      | 2536 ||| DROPPING potion of brilliance.
  2545 | Temple   | Entered the Ecumenical Temple
  2575 | Temple   | 2575 ||| PLANNING OKAWARU WORSHIP
  2634 | Temple   | Became a worshipper of Warmaster Okawaru
  2635 | Temple   | 2635 ||| PLANNING D:1-11
  2668 | D:4      | 2668 ||| READING scroll of enchant weapon.
  2668 | D:4      | 2668 ||| ENCHANTING +2 heavy sling.
  2747 | D:4      | Found a shimmering blue altar of Sif Muna.
  3003 | D:4      | Reached skill level 9 in Ranged Weapons
  3487 | D:4      | 3487 ||| READING 2 scrolls labelled WASEUZ QOOSHA.
  3488 | D:4      | 3488 ||| DRINKING 2 bubbling grey potions.
  3489 | D:4      | 3489 ||| DRINKING 2 bubbling brown potions.
  3527 | D:4      | 3527 ||| DROPPING potion of lignification.
  3528 | D:4      | 3528 ||| DROPPING scroll of fear.
  3543 | D:5      | Entered Level 5 of the Dungeon
  3651 | D:5      | Found a burning altar of Makhleb.
  3780 | D:5      | Found a white marble altar of Elyvilon.
  3858 | D:5      | Noticed a black bear
  3865 | D:5      | HP: 6/30 [black bear (2)]
  3865 | D:5      | Slain by a black bear

Levels and vault maps discovered:
D:1:      dpeg_arrival_refuge, layout_loops_ring, minmay_indecisive_spiral
D:2:      layout_loops_ring, basic_altar, nicolae_half_adder
D:3:      layout_basic, chequers_temple_overflow_statue_of_worship,
          fedhas_altar_fruit_tree, minmay_misc_feat_five
D:4:      layout_layer_cave, mainiacjoe_overflow_catwalk,
          minmay_temple_entry_gardened_gates
D:5:      layout_basic, mainiacjoe_overflow_small_starburst,
          lemuel_coloured_pillars_altar, hangedman_abyss_or_decor_passed,
          uniq_duvessa, uniq_eustachio
Temple:   nicolae_temple_great_sept

Skill      XL: |  1  2  3  4  5 |
---------------+----------------+-----
Ranged Weapons | 6 7 8 9 |  9.0
Fighting       | |  1.9
Dodging        | |  2.4
Stealth        | |  1.2

Action                     |  1- 3 |  4- 6 || total
---------------------------+-------+-------++-------
   Fire: Shortbow          |    55 |       ||    55
         Sling             |    47 |    65 ||   112
    Use: Scroll            |     3 |     6 ||     9
         Potion            |     1 |     4 ||     5
 Armour: Leather armour    |    10 |       ||    10
         Scale mail        |    33 |     4 ||    37
         Ring mail         |       |     7 ||     7
  Dodge: Dodged            |    47 |    21 ||    68

Table legend:
 A = Non-vault XP
 B = Vault XP
 C = Vault XP percentage of total XP
 D = Non-vault monster count
 E = Vault monster count
 F = Vault count percentage of total count
                 A         B        C        D         E       F
            +---------+---------+-------+---------+---------+-------
      Total |     269 |      36 |  11.8 |      53 |       6 |  10.2
            +---------+---------+-------+---------+---------+-------
        D:1 |      32 |       9 |  22.0 |      17 |       4 |  19.0
        D:2 |      44 |      27 |  38.0 |      13 |       2 |  13.3
        D:3 |     159 |       0 |   0.0 |      17 |       0 |   0.0
        D:4 |      18 |       0 |   0.0 |       4 |       0 |   0.0
        D:5 |      16 |       0 |   0.0 |       2 |       0 |   0.0
            +---------+---------+-------+---------+---------+-------
